 Dungeon Crawl Stone Soup version 0.30-a0-457-g4b7bca3bfa (webtiles) character file.

Game seed: 9590751098361423727

1935005 MackTheKnife the Sorcerer (level 27, 185/215 HPs)
             Began as a Djinni Ice Elementalist on Dec 12, 2022.
             Was the Champion of the Shining One.
             Escaped with the Orb
             ... and 3 runes on Dec 13, 2022!
             The game lasted 02:35:07 (50955 turns).

MackTheKnife the Sorcerer (DjIE)                   Turns: 50955, Time: 02:35:08

Health: 185/215    AC: 24    Str:  7    XL:     27
Gold:   6233       EV: 51    Int: 26    God:    the Shining One [******] SH:  0 Dex: 26

rFire   + . .      SeeInvis .      - Unarmed
rCold   + + .      Faith    .    (shield currently unavailable)
rNeg    + + +      Spirit   .    (body armour currently unavailable)
rPois   ∞          Reflect  .    (helmet currently unavailable)
rElec   +          Harm     .    (cloak currently unavailable)
rCorr   .          Rampage  .    (gloves currently unavailable)
Will    ++...                    (boots unavailable)
Stlth   +.........               Y - amulet "Oxabriho" {rC++ Regen+ Dex+3}
HPRegen 1.35/turn                r - ring "Jipnihepn" {rF+ Dex+4}
MPRegen 0.00/turn                f - ring "Donot" {rN+ EV+4}

@: storm-form, wereblooded, calling dragons, flying, glowing, studying Polearms
A: cleaving, insubstantial, flying, sickness immunity, (fire resistance 2),
(cold vulnerability 1), float, innate caster, HP casting, extra vitality 1,
(fangs 1)
0: Orb of Zot
}: 3/15 runes: serpentine, barnacled, silver
a: Blinkbolt, End Transformation, Renounce Religion, Divine Shield, Cleansing
Flame, Summon Divine Warrior, Brand Weapon With Holy Wrath


You escaped.
You worshipped the Shining One.
The Shining One was exalted by your worship.
You were a lightning-filled tempest!
You visited 11 branches of the dungeon, and saw 51 of its levels.
You visited the Abyss 1 time.
You also visited: Ice Cave and Desolation.

You collected 8460 gold pieces.
You spent 2227 gold pieces at shops.


Innate Abilities, Weirdness & Mutations

You are a lightning-filled tempest!
Your electrical attacks strike out in all directions at once.
You are incredibly evasive.
Your insubstantial body is immune to petrification, constriction, and being set on fire You are flying.
Your armour is entirely melded.
You are incapable of wielding weapons or throwing items.
You are immune to sickness and miasma.
You are immune to poison.
((Your flesh is very heat resistant. (rF++)))
((You are vulnerable to cold. (rC-)))
You float through the air rather than walking.
You learn spells naturally, not from books.
Your magical power is your life essence.
You have superior vitality. (+4 MHP)
((You have very sharp teeth.))


   Skills:
 + Level 23.3 Fighting
 - Level 11.1 Axes
 - Level 4.3 Armour
 - Level 21.2 Dodging
 - Level 1.5 Stealth
 - Level 16.2 Unarmed Combat
 + Level 24.6 Spellcasting
 - Level 10.6 Invocations


You couldn't memorise any spells.
You knew the following spells:

 Your Spells              Type           Power      Damage    Failure   Level
a - Freeze                Ice            100%       1d10      0%          1
b - Frozen Ramparts       Ice            100%       1d16      0%          3
c - Ozocubu's Armour      Ice            100%       N/A       0%          3
d - Storm Form            Tmut/Air       51%        N/A       1%          7
e - Apportation           Tloc           100%       N/A       0%          1
f - Dragon Form           Tmut           51%        N/A       1%          7
g - Static Discharge      Conj/Air       100%       2-7/arc   0%          2
h - Call Canine Familiar  Summ           100%       N/A       0%          3
i - Summon Forest         Summ/Tloc      51%        N/A       0%          5
j - Silence               Hex/Air        51%        N/A       0%          5
k - Conjure Ball Lightni  Conj/Air       51%        3x3d19    0%          6
l - Wereblood             Tmut           100%       N/A       0%          2
m - Summon Ice Beast      Ice/Summ       100%       N/A       0%          4
n - Borgnjor's Revivific  Necr           51%        N/A       1%          8
o - Orb of Destruction    Conj           51%        9d13      1%          7
p - Dragon's Call         Summ           51%        N/A       4%          9
q - Death's Door          Necr           51%        N/A       4%          9
Your spell library was empty.

Inventory:

Hand Weapons
 d - the +8 mithril axe "Arga" {speed, Will+}
   (You acquired it on level 8 of the Dungeon)

   Attacks with this weapon are significantly faster.
   Will:      It increases your willpower.
 A - the +4 glaive of Paper (melded) {vorpal, +Blink Str-2 Int+5, polearm}
   (You found it on level 4 of the Shoals)

   It inflicts extra damage upon your enemies.
   Str:       It affects your strength (-2).
   Int:       It affects your intelligence (+5).
   +Blink:    It lets you blink.
 M - a +0 quick blade of flaming {shortrare=g}
   (You took it off a spriggan defender on level 2 of the Depths)
Armour
 b - a +1 robe of the Archmagi (melded)
   (You took it off an orc sorcerer on level 2 of the Orcish Mines)
 g - the +0 pair of gloves "Wigruof" (melded) {Int+4}
   (You acquired it on level 2 of the Crypt)

   Int:       It affects your intelligence (+4).
 m - +0 shadow dragon scales {rare}
   (You found it on level 1 of the Realm of Zot)
 y - +0 shadow dragon scales {rare}
   (You found it on level 5 of the Realm of Zot)
 z - quicksilver dragon scales {rare}
   (You found it on level 2 of the Realm of Zot)
 E - the +0 cloak of Jakotiysk (melded) {Slay+3}
   (You bought it in a shop on level 10 of the Dungeon)

   Slay:      It affects your accuracy & damage with ranged weapons and melee
   (+3).
 J - +0 storm dragon scales {rare}
   (You found it on level 2 of the Realm of Zot)
 P - the +1 helmet of Boredom (melded) {Will+}
   (You acquired it on level 12 of the Dungeon)

   Will:      It increases your willpower.
 Z - the +7 faerie dragon scales {rPois rCorr Dex+3}
   (You took it off the Enchantress on level 2 of the Depths)

   Dex:       It affects your dexterity (+3).
   rPois:     It protects you from poison.
   rCorr:     It protects you from acid and corrosion.
Jewellery
 a - the ring "Tatuics" {Ice rPois Str-2 Int+8 Stlth+}
   (You bought it in a shop on level 1 of the Snake Pit)

   [ring of ice]

   It enhances your ice magic.
   Str:       It affects your strength (-2).
   Int:       It affects your intelligence (+8).
   rF:        It makes you vulnerable to fire.
   rC:        It protects you from cold.
   rPois:     It protects you from poison.
   Stlth:     It makes you more stealthy.
 c - the ring of the Mage {Wiz Archmagi}
   (You took it off a deep elf high priest on level 3 of the Elven Halls)

   [ring of wizardry]

   It improves your spell success rate.
   Archmagi:  It increases the power of your magical spells.
 f - the ring "Donot" (right fist) {rN+ EV+4}
   (You acquired it on level 12 of the Dungeon)

   [ring of evasion]

   EV:        It affects your evasion (+4).
   rN:        It protects you from negative energy.
 l - an amulet of the acrobat
   (You took it off a skeletal warrior on level 3 of the Crypt)
 r - the ring "Jipnihepn" (left fist) {rF+ Dex+4}
   (You found it on level 9 of the Dungeon)

   [ring of protection from fire]

   Dex:       It affects your dexterity (+4).
   rF:        It protects you from fire.
 s - a ring of willpower
   (You found it on level 2 of the Dungeon)
 H - a ring of resist corrosion
   (You found it on level 3 of the Lair of Beasts)
 S - the amulet of Oqoosh {Reflect +Inv Str+4 Int+9 SH+5}
   (You took it off a deep elf sorcerer on level 3 of the Elven Halls)

   [amulet of reflection]

   It reflects blocked missile attacks.
   Str:       It affects your strength (+4).
   Int:       It affects your intelligence (+9).
   +Inv:      It lets you turn invisible.
   SH:        It affects your SH (+5).
 Y - the amulet "Oxabriho" (around neck) {rC++ Regen+ Dex+3}
   (You found it in the Desolation of Salt)

   [amulet of regeneration]

   Dex:       It affects your dexterity (+3).
   rC:        It greatly protects you from cold.
   Regen:     It increases your rate of health regeneration.
Wands
 w - a wand of quicksilver (11)
   (You found it on level 1 of the Elven Halls)
 x - a wand of digging (2)
   (You found it on level 1 of the Lair of Beasts)
Scrolls
 h - 3 scrolls of silence {!r}
 k - 11 scrolls of magic mapping {!r}
 q - 3 scrolls of brand weapon
 t - 15 scrolls of teleportation {@r4}
 B - 8 scrolls of enchant weapon
 F - 6 scrolls of fog
 L - 3 scrolls of immolation {!r!r}
 Q - 6 scrolls of enchant armour
 T - 6 scrolls of blinking {!r}
 U - 7 scrolls of fear
 W - 9 scrolls of poison
Potions
 e - 9 potions of ambrosia
 i - 6 potions of lignification {!q}
 j - 5 potions of brilliance
 n - 5 potions of heal wounds {@q2}
 o - 20 potions of curing {@q1}
 u - 2 potions of attraction {!q}
 v - 11 potions of mutation {!q}
 C - a potion of cancellation
 D - 3 potions of might
 X - 6 potions of haste {@q3}
Miscellaneous
 p - a lightning rod (4/4)
   (You found it on level 3 of the Shoals)
 G - a box of beasts
   (You found it on level 2 of the Elven Halls)
 I - a phial of floods
   (You found it on level 3 of the Vaults)
 R - a piece from Xom's chessboard (15/15)
   (You found it on level 5 of the Lair of Beasts)
 V - a phantom mirror
   (You found it on level 15 of the Dungeon)

Dungeon Overview and Level Annotations

Branches:
Dungeon (15/15)            Temple (1/1) D:5            Lair (5/5) D:10
 Shoals (4/4) Lair:3        Snake (4/4) Lair:2        Slime (0/5) Lair:5
    Orc (2/2) D:9             Elf (3/3) Orc:2        Vaults (5/5) D:13
  Crypt (3/3) Vaults:3       Tomb (0/3) Crypt:3      Depths (4/4) D:15
    Zot (5/5) Depths:4      IceCv (visited)         Desolation (visited)

Altars:
Ashenzari
Cheibriados
Dithmenos
Elyvilon
Fedhas
Gozag
Hepliaklqana
Makhleb
Nemelex Xobeh
Okawaru
Qazlal
Ru
Trog
Uskayaw
Wu Jian
Xom
Yredelemnul
Zin
The Shining One
Lugonu

Shops:
D:10 [   D:12 =?   Orc:2 =[(*   Elf:2 *(   Snake:1 ==:   Snake:3 :=!*[**!
Snake:4 *   Vaults:4 :   Vaults:5 =

Portals:
Hell: Depths:1 Depths:2 Depths:3 Depths:4
Abyss: Lair:5 Depths:1 Depths:2* Depths:3
Pandemonium: Depths:2
Ziggurat: Depths:3

Annotations:
D:12 2 transporters, exclusion: ice statue, DEFE's ghost, journeyman KoFi
Shoals:1 3 runed translucent doors, Uppo's ghost, adept TrFi
Shoals:3 Polyphemus
Snake:1 3 runed translucent doors, Dipij's ghost, adept DEFE
Snake:4 Roxanne
Elf:2 3 runed translucent doors
Depths:1 1 transporter
Zot:5 exclusion: 2 upstairs

#....+.....'....................#
#.####.....#############........#
..................>..............
#.#.#.#.....#############.#####..
#.#.#.#..#### #.# ### #.#.#.#..#
#.# #.#.#.#.#################.#


#.#.#.#..PPPPPPPPPPPPPPP..# #.#...#..D3D.A.hvAY.......#
#.#####..PPPPPPPPPPPPPPP.## #.......################## #######..# #......# #
##.# #.####.# ## #.# #.#..#.# .# #.## #.#..#.# .# #..# #.#..#.# .# ##.# #.#..#.#
You could see a smoke demon (ally target), a friendly daeva (summoned), a
friendly iron dragon (summoned), a friendly angel (summoned), a friendly fire
dragon (summoned), a friendly warg (summoned) and a friendly ice beast
(summoned).


Message History

(H) Hell (Z) Zot
Where to? (Enter - D:1, ? - help)
An Orb Guardian comes into view. 😎 HP[+6]
Your hp is fully restored (215).
There is a stone staircase leading up here.
You fly upwards.
There is a stone staircase leading down here.
(D) Dungeon (T) Temple (L) Lair (A) Shoals (P) Snake Pit (M) Slime Pits (O) Orcish Mines (E) Elven Halls (V) Vaults (C) Crypt (W) Tomb (U) Depths (H) Hell (Z) Zot
Where to? (Enter - D:1, ? - help)
What level of the Dungeon? (default 1, ? - help)
A green death comes into view.
Unknown command.
You blast the green death!!!
You punch the green death, but do no damage.
You blast the green death!!!
You kill the green death!
The Shining One accepts your kill.
There is a stone staircase leading up here.
You fly upwards.
There is a stone staircase leading down here.
(D) Dungeon (T) Temple (L) Lair (A) Shoals (P) Snake Pit (M) Slime Pits (O) Orcish Mines (E) Elven Halls (V) Vaults (C) Crypt (W) Tomb (U) Depths (H) Hell (Z) Zot
Where to? (Enter - D:1, ? - help)
What level of the Dungeon? (default 1, ? - help)
A green death comes into view.
Unknown command.
The green death gestures at you. The blast of poison misses you.
There is an escape hatch in the ceiling here.
The green death completely misses you.
You blast the green death!!!
Lightning courses through the green death!!
You kill the green death!
The Shining One accepts your kill.
There is an escape hatch in the ceiling here.
A mysterious force pulls you upwards. The hatch slams shut behind you.
Unknown command.
(D) Dungeon (T) Temple (L) Lair (A) Shoals (P) Snake Pit (M) Slime Pits (O) Orcish Mines (E) Elven Halls (V) Vaults (C) Crypt (W) Tomb (U) Depths (H) Hell (Z) Zot
Where to? (Enter - D:1, ? - help)
Okay, then.
There is an escape hatch in the ceiling here.
A mysterious force pulls you upwards. The hatch slams shut behind you.
There is a staircase leading out of the dungeon here.
There is a staircase leading out of the dungeon here.
You are momentarily dazzled by a brilliant light. 😕 HP[-7]
You take 7 damage, and now have 208/215 hp.
Unknown command.
You are momentarily dazzled by a brilliant light. 😕 HP[-6]
You take 6 damage, and now have 202/215 hp.
Unknown command.
Casting: Storm Form (safe; 1% risk of failure)
Confirm with . or Enter, or press ? or * to list all spells.
Okay, then.
Unknown command.
Casting: Storm Form (safe; 1% risk of failure)
Confirm with . or Enter, or press ? or * to list all spells.
You call out to the draconic realm, and the dragon horde roars back! 😕 HP[-8]
You take 8 damage, and now have 194/215 hp.
Casting: Dragon's Call (dangerous; 4% risk of failure)
Confirm with . or Enter, or press ? or * to list all spells.
A chill wind blows around you. 😕 HP[-3]
You take 3 damage, and now have 191/215 hp.
Casting: Summon Ice Beast (safe; 0% risk of failure)
Confirm with . or Enter, or press ? or * to list all spells.
Your ice beast hits the plant.
The plant begins to die.
Your ice beast freezes the plant!
A smoke demon comes into view. 😕 HP[-1]
You take 1 damage, and now have 190/215 hp.
Casting: Call Canine Familiar (safe; 0% risk of failure)
Confirm with . or Enter, or press ? or * to list all spells.
Your blood is infused with primal strength.
Your ice beast hits the plant.
Your ice beast freezes the plant!! 😕 HP[-4]
You take 4 damage, and now have 186/215 hp.
A dragon arrives to answer your call!
Your warg bites the plant.
The plant begins to die.
Your daeva hits the plant with a +5 long sword of holy wrath!!
The plant begins to die.
Your daeva hits the plant with a +5 long sword of holy wrath!
Your fire dragon bites the smoke demon.
Your fire dragon claws the smoke demon!
Your fire dragon tramples the smoke demon!
The smoke demon holds its ground!
Your ice beast hits the plant.
The plant begins to die.
Your ice beast freezes the plant!!
The smoke demon hits your fire dragon but does no damage. x2
The smoke demon closely misses your fire dragon.
You have escaped!

Skill      XL: |  1  2  3  4  5  6  7  8  9 10 11 12 13 14 15 16 17 18 19 20 21 22 23 24 25 26 27 |
---------------+----------------------------------------------------------------------------------+-----
Spellcasting   | 4 5 6 8 9 10 11 15 16 17 18 20 21 23 24 | 24.6
Fighting       | 1 2 4 7 8 9 12 13 14 15 16 18 20 21 23 | 23.3
Axes           | 5 9 11 | 11.1
Dodging        | 8 11 18 20 21 | 21.2
Armour         | 4 |  4.3
Invocations    | 7 8 10 | 10.6
Unarmed Combat | 11 15 16 | 16.2
Stealth        | |  1.5

Action                   |  1- 3 |  4- 6 |  7- 9 | 10-12 | 13-15 | 16-18 | 19-21 | 22-24 | 25-27 || total
-------------------------+-------+-------+-------+-------+-------+-------+-------+-------+-------++-------
Melee: Spear             |    75 |    24 |       |       |       |       |       |       |       ||    99
       Unarmed           |     2 |       |       |       |       |   350 |   726 |   745 |   840 ||  2663
       Punch             |     1 |       |       |     2 |    13 |    37 |   127 |   115 |   135 ||   430
       Quarterstaff      |       |    36 |    94 |       |       |       |       |       |       ||   130
       Morningstar       |       |       |    31 |    39 |       |       |       |       |       ||    70
       Broad axe         |       |       |       |   204 |   647 |   344 |     1 |       |       ||  1196
       Tailslap          |       |       |       |       |       |    74 |    15 |       |       ||    89
       Bite              |       |       |       |       |       |    57 |     8 |       |       ||    65
       Glaive            |       |       |       |       |       |       |     7 |    29 |    20 ||    56
 Cast: Freeze            |    36 |    16 |       |       |       |       |       |       |       ||    52
       Summon Ice Beast  |       |     1 |     6 |     7 |    12 |     7 |     2 |       |     3 ||    38
       Frozen Ramparts   |       |     4 |    18 |    18 |    11 |     5 |     3 |       |     2 ||    61
       Ozocubu's Armour  |       |     1 |       |     3 |    12 |     8 |     3 |     7 |    11 ||    45
       Static Discharge  |       |       |     2 |       |       |       |       |       |       ||     2
       Call Canine Famil |       |       |     5 |    16 |    22 |    16 |     2 |       |     1 ||    62
       Summon Forest     |       |       |       |     9 |    30 |    45 |    18 |    19 |    22 ||   143
       Conjure Ball Ligh |       |       |       |       |     1 |     1 |     3 |       |       ||     5
       Dragon Form       |       |       |       |       |       |    38 |     8 |       |       ||    46
       Wereblood         |       |       |       |       |       |    11 |    23 |    11 |    24 ||    69
       Storm Form        |       |       |       |       |       |       |    45 |    49 |    63 ||   157
       Silence           |       |       |       |       |       |       |       |     9 |       ||     9
       Orb of Destructio |       |       |       |       |       |       |       |     3 |     1 ||     4
       Dragon's Call     |       |       |       |       |       |       |       |       |     6 ||     6
Invok: Summon Divine War |       |       |       |       |       |     3 |     3 |     1 |     5 ||    12
       Cleansing Flame   |       |       |       |       |       |       |     1 |       |       ||     1
       Divine Shield     |       |       |       |       |       |       |       |       |     1 ||     1
 Abil: Blinkbolt         |       |       |       |       |       |       |     8 |       |     1 ||     9
Evoke: Wand              |       |     5 |     4 |     4 |     5 |       |     2 |       |     2 ||    22
       Piece from Xom's  |       |       |       |       |     1 |       |       |       |       ||     1
       Phantom mirror    |       |       |       |       |       |     1 |       |       |     1 ||     2
       Phial of floods   |       |       |       |       |       |       |       |     1 |     2 ||     3
       Box of beasts     |       |       |       |       |       |       |       |       |     1 ||     1
  Use: Scroll            |       |       |    11 |    13 |     9 |     7 |     5 |     4 |    10 ||    59
       Potion            |       |       |       |     4 |       |       |       |     3 |    10 ||    17
 Stab: Sleeping          |     8 |     6 |     1 |       |       |       |       |       |       ||    15
Armor: Robe              |    10 |       |       |       |       |       |       |       |     2 ||    12
       Leather armour    |    10 |    26 |    57 |    40 |       |       |       |       |       ||   133
       Troll leather arm |       |       |       |    58 |   162 |    54 |     1 |     2 |       ||   277
       Chain mail        |       |       |       |       |       |    15 |       |       |       ||    15
       Skin              |       |       |       |       |       |   101 |   126 |    93 |   123 ||   443
Dodge: Dodged            |    53 |    45 |    72 |   152 |   487 |   509 |   800 |   843 |  1080 ||  4041
Block: Other             |       |       |       |       |       |       |       |     5 |     5 ||    10
       Reflection        |       |       |       |       |       |       |       |     2 |       ||     2

Levels and vault maps discovered:
D:1:      eino_arrival_tree_alley, layout_basic
D:2:      layout_basic, dreamdust_ecumenical_altar_drowned_temple, basic_altar,
          serial_bayou_lake_a
D:3:      layout_basic, uniq_crazy_yiuf_cottage
D:4:      layout_rooms, mainiacjoe_overflow_chevrons,
          mainiacjoe_overflow_alcove_1, mainiacjoe_overflow_paths, uniq_natasha
D:5:      lemuel_ice_spiral_2, layout_basic, minmay_temple_entry_wispy
D:6:      layout_loops_ring, chequers_temple_overflow_minitemple,
          mainiacjoe_overflow_cross_hatched, grunt_ministairs_14, uniq_menkaure,
          uniq_duvessa, uniq_edmund, uniq_eustachio
D:7:      layout_cave_pods, nzn_overflow_gifts_of_might_and_magic,
          nicolae_ru_sacrificial_ziggurat, nicolae_overflow_quartered_altars,
          minmay_bent
D:8:      layout_loops_ring, nicolae_wu_jian_wuxing_cycle,
          grunt_dithmenos_smoke, nicolae_overflow_crystal_walls
D:9:      gammafunk_sealed_arena, layout_loops_ring,
          mainiacjoe_overflow_six_doors_small,
          mainiacjoe_overflow_concentric_impassable, orc_0_dummy, uniq_harold
D:10:     layout_grid_maze, evilmike_ruin_ashenzari, david_lair_generic,
          serial_shops, shop
D:11:     layout_long_grid, st_stairs_8
D:12:     layout_gridville, nzn_ghost_randoct, serial_shops, shop, shop
D:13:     layout_cave_pools, ximxim_vaults_locker_room
D:14:     layout_loops_corners, good_gods_mini_temple, tgw_trog
D:15:     grunt_enter_depths_magical_seal, layout_basic, corexii_hall_statues_i,
          nicolae_two_hexagons, nemelex_xobeh_ov_fountains_minmay
Temple:   nicolae_temple_total_abyssal_victory
Lair:1:   layout_cave_pods, basic_altar, uniq_amaemon
Lair:2:   layout_roguey, dummy_snake_entry, grunt_forest_large_clearing_hut
Lair:3:   layout_chaotic_city, elwin_shoals_entry_rocks, grunt_megastairs_3,
          serial_bayou_shore_a
Lair:4:   layout_hall_layers, st_stairs_12, ldierk_geyser,
          chequers_serial_rivers_small_b
Lair:5:   hellmonk_lair_end_abyssal_woods, layout_regular_city,
          minmay_slime_entry_pillars
Shoals:1: layout_shoals, gammafunk_ghost_split, nicolae_shoals_loop_pool
Shoals:2: layout_shoals, nicolae_shoals_lost_giant_baths
Shoals:3: layout_shoals, portal_ice_cave_entry_pillars_four, uniq_polyphemus,
          uniq_jorgrun
Shoals:4: shoals_end_hangedman, layout_shoals
Snake:1:  layout_onion, ebering_ghost_rock_garden, special_room,
          minmay_shop_grove, uniq_donald
Snake:2:  nicolae_sea_snake_s, layout_rooms
Snake:3:  layout_gridlike, grunt_ministairs_10, nicolae_snake_serpentine_bazaar,
          minmay_shoptagon, uniq_mlioglotl, uniq_vashnia, uniq_aizul
Snake:4:  johnstein_snake_rune_scales, layout_cave_town,
          nicolae_shop_sticking_my_neck_out, uniq_kirke, uniq_roxanne
Orc:1:    layout_caves
Orc:2:    grunt_orc_cross, layout_diamond_mine
Elf:1:    minmay_elf_arrival_circle, layout_rooms, ebering_ghost_disaster_area,
          portal_desolation_entry_nicolae_forbidding_blocks, minmay_elf_sorcery
Elf:2:    elven_hall_of_blades_hangedman_original
          [nicolae_blade_entry_crossed_weapons], layout_gridlike, serial_shops,
          nicolae_shop_crystal, shop_statue, nicolae_elf_altarnating
Elf:3:    minmay_elf_hall_spiked, layout_geoelf_castle
Vaults:1: v_rooms_6, st_hourglassy, v_misc_2, v_misc_23,
          hangedman_vaults_stretched_pinwheel, vaults_room_pools,
          nicolae_vaults_little_squares_5, layout_vaults_omnigrid
Vaults:2: v_misc_14, vaults_room_door_ring, ontoclasm_vaults_misaligned,
          v_rooms_1, ontoclasm_vaults_ligature, vaults_standard_mumra_x,
          nicolae_vaults_an_arrangement, nicolae_vaults_network_periphery,
          v_misc_19, grunt_vaults_hallway_short, layout_vaults_maze
Vaults:3: biasface_ghost_orc_armoury, v_misc_5, minmay_crypt_entry_necro_gods,
          v_rooms_6, vaults_room_semicircle, hangedman_vaults_hat,
          nicolae_vaults_little_squares_1, nicolae_vaults_diagonal_hallway_9,
          st_spiral_rooms, v_misc_17, nicolae_vaults_circle_grid_b,
          vaults_room_door_hall, nicolae_vaults_yaktaur_gun_rack,
          vaults_dpeg_emergency_exit, vaults_dpeg_encased_lava,
          layout_vaults_ring, uniq_xtahua
Vaults:4: ebering_ghost_reflecting_pool, nicolae_vaults_three_branches,
          v_misc_22, vaults_mumra_chevron_long, v_misc_16,
          nicolae_vaults_little_squares_5, vaults_room_grid, v_misc_9,
          ontoclasm_vaults_pinch, v_misc_32,
          hangedman_vaults_stretched_pinwheel, v_alt_pattern_6, v_alt_pattern_4,
          layout_vaults_big_cross, serial_shops, nicolae_shop_behind_doors
Vaults:5: serial_shops, uniq_saint_roka
Crypt:1:  layout_rooms, ebering_ghost_disaster_area, grunt_megastairs_5,
          uniq_vv, uniq_jory, uniq_bai_suzhen, uniq_mennas
Crypt:2:  layout_gridlike
Crypt:3:  evilmike_haunted_forest, uniq_margery, uniq_zenata
Depths:1: layout_gridlike, abyss_entry, hell_entry, xom_redecorated,
          nicolae_diode_basic, roderic_lattice_octagonal_star
Depths:2: grunt_forest_end_chambers, layout_gridlike, lightli_too_deep,
          pan_entry, abyss_entry, nicolae_uskayaw_murder_on_the_dancefloor,
          amcnicky_altar_lugonu_corruption, infiniplex_staircase_split_hallway,
          uniq_asterion
Depths:3: dreamdust_hydra_shepherd, layout_gridlike, enter_ziggurat_f,
          serial_sigils_hangedman_carve, hangedman_coc_ice_floe,
          abyss_entry_small_statue_room, minmay_staircase_statues,
          uniq_josephina
Depths:4: evilmike_zot_entry_diamond, layout_cave_pools, dreamdust_wishing_well,
          pf_vacation_house_of_asmodeus, kb_rosetta, uniq_frederick
Zot:1:    layout_misc_corridors
Zot:2:    nicolae_moth_party, layout_cathedral_of_symmetry,
          gammafunk_ghost_arena
Zot:3:    layout_basic
Zot:4:    layout_onion, grunt_ministairs_10
Zot:5:    layout_basic, hangedman_zot_decor_tridents

Notes
Turn   | Place    | Note
-------+----------+-------------------------------------------
     0 | D:1      | MackTheKnife the Djinni Ice Elementalist began the quest
                  | for the Orb.
     0 | D:1      | MackTheKnife set off with the following spells memorised:
                  | Freeze, Frozen Ramparts, Ozocubu's Armour, Summon Ice
                  | Beast.
     0 | D:1      | Reached XP level 1. HP: 15/15 MP: 0/0
     0 | D:1      | magus.rc [v1.9.6]
    91 | D:1      | Reached XP level 2. HP: 18/21 MP: 0/0
   341 | D:1      | Reached XP level 3. HP: 22/25 MP: 0/0
   341 | D:1      | Learned a level 1 spell: Apportation
   437 | D:1      | Got Sif Muna's Directory of Chthonic Snow
   701 | D:1      | Reached skill level 4 in Spellcasting
  1126 | D:2      | Found a bloodstained altar of Trog.
  1217 | D:2      | You are sucked into a shaft and drop 1 floor!
  1591 | D:2      | Reached XP level 4. HP: 31/31 MP: 0/0
  1616 | D:2      | Found a faded altar of an unknown god.
  1759 | D:2      | Reached skill level 1 in Fighting
  2382 | D:3      | Found a runed translucent door.
  2383 | D:3      | Noticed Crazy Yiuf
  2712 | D:3      | Killed Crazy Yiuf
  2713 | D:3      | Reached XP level 5. HP: 34/38 MP: 0/0
  2713 | D:3      | Learned a level 2 spell: Wereblood
  2865 | D:4      | Reached skill level 2 in Fighting
  2962 | D:4      | Found an opulent altar of Gozag.
  2984 | D:4      | Found a snail-covered altar of Cheibriados.
  2985 | D:4      | Noticed Natasha
  2991 | D:4      | Killed Natasha
  3131 | D:4      | Found a hide-covered altar of Uskayaw.
  3329 | D:5      | Entered Level 5 of the Dungeon
  3329 | D:5      | Noticed a centaur
  3337 | D:4      | Noticed Natasha
  3347 | D:4      | Killed Natasha
  3348 | D:4      | Reached XP level 6. HP: 17/43 MP: 0/0
  3351 | D:4      | Noticed Natasha
  3358 | D:4      | Killed Natasha
  3359 | D:4      | Reached skill level 5 in Spellcasting
  3400 | D:5      | Noticed an ice beast
  3410 | D:5      | Killed an ice beast
  3473 | D:5      | Reached XP level 7. HP: 42/49 MP: 0/0
  3473 | D:5      | Learned a level 2 spell: Static Discharge
  3474 | D:5      | Reached skill level 6 in Spellcasting
  3677 | D:5      | Reached XP level 8. HP: 54/54 MP: 0/0
  3685 | D:5      | Reached skill level 7 in Spellcasting
  3795 | D:5      | Found a staircase to the Ecumenical Temple.
  3854 | Temple   | Entered the Ecumenical Temple
  4245 | D:6      | Noticed Edmund
  4251 | D:6      | Noticed Eustachio
  4290 | D:5      | Killed Edmund
  4291 | D:5      | Reached skill level 3 in Fighting
  4314 | D:6      | Killed Eustachio
  4339 | D:6      | a water moccasin changed into a glowing shapeshifter
  4339 | D:6      | Noticed a glowing shapeshifter (glowing shapeshifter)
  4339 | D:6      | a glowing shapeshifter changed into a swamp worm
  4344 | D:6      | a redback changed into a yaktaur
  4344 | D:6      | Noticed a yaktaur (glowing shapeshifter)
  4345 | D:6      | a yaktaur changed into a moth of wrath
  4345 | D:6      | Noticed a moth of wrath (glowing shapeshifter)
  4347 | D:6      | a moth of wrath changed into a wind drake
  4347 | D:6      | Noticed a wind drake (glowing shapeshifter)
  4409 | D:6      | Reached skill level 4 in Fighting
  4523 | D:6      | a swamp drake changed into a queen bee
  4523 | D:6      | Noticed a queen bee (glowing shapeshifter)
  4527 | D:6      | Noticed a harpy
  4529 | D:6      | a harpy changed into a wind drake
  4529 | D:6      | Noticed a wind drake (glowing shapeshifter)
  4598 | D:6      | Noticed a moth of wrath
  4599 | D:6      | a moth of wrath changed into a guardian serpent
  4599 | D:6      | Noticed a guardian serpent (glowing shapeshifter)
  4603 | D:6      | Noticed Menkaure
  4610 | D:6      | Reached skill level 8 in Spellcasting
  4610 | D:6      | Reached XP level 9. HP: 62/62 MP: 0/0
  4610 | D:6      | Learned a level 3 spell: Call Canine Familiar
  4612 | D:6      | Killed Menkaure
  4634 | D:6      | Reached skill level 5 in Fighting
  4652 | D:6      | Found a blossoming altar of Fedhas.
  4668 | D:6      | Noticed Dowan
  4671 | D:6      | Noticed Duvessa
  4677 | D:6      | Killed Duvessa
  4682 | D:6      | Killed Dowan
  4748 | D:6      | Reached skill level 6 in Fighting
  4855 | D:6      | Found a glowing silver altar of Zin.
  4855 | D:6      | Found a stormy altar of Qazlal.
  4868 | D:6      | Found a sparkling altar of Nemelex Xobeh.
  4870 | D:6      | Found a glowing golden altar of the Shining One.
  4875 | D:6      | Became a worshipper of the Shining One
  5045 | D:7      | Found an iron altar of Okawaru.
  5072 | D:7      | Found a sacrificial altar of Ru.
  5438 | D:7      | Got Sif Muna's Treatise on Generative Kindling
  5443 | D:7      | Found a bloodstained altar of Trog.
  5448 | D:7      | Reached skill level 9 in Spellcasting
  5498 | D:7      | Reached skill level 7 in Fighting
  5498 | D:7      | Reached XP level 10. HP: 70/75 MP: 0/0
  5550 | D:7      | Found a shimmering altar of Xom.
  5759 | D:7      | Found a basalt altar of Yredelemnul.
  5910 | D:7      | Reached skill level 8 in Fighting
  6081 | D:8      | Identified a scroll of acquirement
  6081 | D:8      | Acquired the +8 mithril axe "Arga" {speed, Will+}
  6081 | D:8      | Found the +8 mithril axe "Arga" {speed, Will+}
  6089 | D:8      | Found an ornate altar of the Wu Jian Council.
  6135 | D:8      | Reached skill level 1 in Axes
  6242 | D:8      | Reached skill level 2 in Axes
  6466 | D:8      | Found a white marble altar of Elyvilon.
  6564 | D:8      | Reached * piety under the Shining One
  6618 | D:8      | Found a shadowy altar of Dithmenos.
  6773 | D:9      | Reached skill level 3 in Axes
  6785 | D:9      | Found a staircase to the Orcish Mines.
  6877 | D:9      | Found a burning altar of Makhleb.
  6920 | D:9      | Found a transporter.
  6920 | D:9      | Noticed a deep elf pyromancer
  6921 | D:9      | Noticed a catoblepas
  6923 | D:9      | Noticed a red ugly thing
  6923 | D:9      | Noticed a six-headed hydra
  6928 | D:9      | Found a transporter.
  6964 | D:9      | Found a hazy altar of Hepliaklqana.
  7026 | D:9      | Reached skill level 4 in Axes
  7086 | D:9      | Noticed Harold
  7134 | D:9      | Killed Harold
  7135 | D:9      | Reached skill level 5 in Axes
  7143 | D:9      | Reached XP level 11. HP: 81/81 MP: 0/0
  7143 | D:9      | Learned a level 5 spell: Summon Forest
  7151 | D:9      | Reached skill level 6 in Axes
  7520 | D:9      | Identified the ring "Jipnihepn" {rF+ Dex+4}
  7549 | D:10     | Entered Level 10 of the Dungeon
  7551 | D:10     | Noticed a two-headed ogre
  7562 | D:10     | Killed a two-headed ogre
  7563 | D:10     | Reached skill level 7 in Axes
  7599 | D:10     | Found a staircase to the Lair.
  7599 | D:10     | Noticed an elephant
  7599 | D:10     | Reached ** piety under the Shining One
  7607 | D:10     | Killed an elephant
  7766 | D:10     | Found Wuemoz's Armour Boutique.
  7774 | D:10     | Reached skill level 8 in Axes
  7790 | D:10     | Bought the +0 cloak of Jakotiysk {Slay+3} for 385 gold
                  | pieces
  8222 | D:10     | Found a broken altar of Ashenzari.
  8447 | Lair:1   | Entered Level 1 of the Lair of Beasts
  8640 | Lair:1   | Found a glowing silver altar of Zin.
  8640 | Lair:1   | Noticed Amaemon
  8641 | Lair:1   | Noticed a catoblepas
  8666 | Lair:1   | Reached skill level 9 in Axes
  8676 | Lair:1   | Killed Amaemon
  8690 | Lair:1   | HP: 19/81 [catoblepas/blast of calcifying dust (5)]
  8694 | Lair:1   | Reached XP level 12. HP: 23/86 MP: 0/0
  8695 | Lair:1   | HP: 16/86 [catoblepas/blast of calcifying dust (7)]
  8701 | Lair:1   | Killed a catoblepas
  8702 | Lair:1   | Reached skill level 10 in Axes
  9634 | Lair:2   | Noticed a death yak
  9634 | Lair:2   | Noticed a catoblepas
  9641 | Lair:2   | Killed a death yak
  9642 | Lair:2   | Killed a catoblepas
  9643 | Lair:2   | Reached skill level 11 in Axes
  9671 | Lair:2   | Reached skill level 3 in Dodging
  9842 | Lair:2   | Found a staircase to the Snake Pit.
  9862 | Lair:2   | Identified the +7 spear "Zezidu" {vorpal, MP+9 Int-4 Dex+2
                  | Stlth+}
 10056 | Lair:2   | Reached skill level 4 in Dodging
 10347 | Lair:3   | Reached skill level 5 in Dodging
 10361 | Lair:3   | Reached skill level 6 in Dodging
 10476 | Lair:3   | Found a staircase to the Shoals.
 10625 | Lair:3   | Reached skill level 7 in Dodging
 10845 | Lair:3   | Reached skill level 8 in Dodging
 10863 | Lair:3   | Reached XP level 13. HP: 85/92 MP: 0/0
 10863 | Lair:3   | Learned a level 5 spell: Silence
 10867 | Lair:3   | Reached skill level 9 in Dodging
 11325 | Lair:4   | Reached skill level 10 in Dodging
 11358 | Lair:4   | Identified the +1 plate armour of the Moon {*Slow rF+ SInv}
 11452 | Lair:5   | Entered Level 5 of the Lair of Beasts
 11458 | Lair:5   | Noticed a four-headed hydra
 11466 | Lair:5   | Killed a four-headed hydra
 11480 | Lair:5   | Reached skill level 11 in Dodging
 11734 | Lair:5   | Reached *** piety under the Shining One
 11735 | Lair:5   | Found a staircase to the Slime Pits.
 11819 | Lair:5   | Reached skill level 10 in Spellcasting
 11827 | Lair:5   | Reached skill level 9 in Fighting
 12051 | Lair:5   | Reached XP level 14. HP: 62/102 MP: 0/0
 12273 | Lair:5   | Reached skill level 10 in Fighting
 12341 | Lair:5   | Identified the +5 triple sword "Hellblazer" {vamp, Stlth+}
 12362 | Lair:5   | Q - the +5 triple sword "Hellblazer" {vamp, Stlth+,
                  | forbiddenlongrare=g}
 12363 | Lair:5   | You drop the +5 triple sword "Hellblazer" {vamp, Stlth+,
                  | forbiddenlongrare=g}.
 12364 | Lair:5   | Q - the +5 triple sword "Hellblazer" {vamp, Stlth+,
                  | forbiddenlongrare=g}
 12391 | Lair:5   | Reached **** piety under the Shining One
 12418 | Lair:5   | Reached skill level 11 in Spellcasting
 12466 | Lair:5   | Reached skill level 11 in Fighting
 12701 | Lair:5   | Found a corrupted altar of Lugonu.
 12701 | Lair:5   | Found a one-way gate to the infinite horrors of the Abyss.
 12718 | Lair:5   | You drop the +5 triple sword "Hellblazer" {vamp, Stlth+,
                  | forbiddenlongrare=g}.
 12883 | Orc:1    | Entered Level 1 of the Orcish Mines
 12901 | Orc:1    | Reached ***** piety under the Shining One
 13440 | Orc:2    | Entered Level 2 of the Orcish Mines
 13440 | Orc:2    | Identified a +1 robe of the Archmagi
 13455 | Orc:2    | Reached skill level 12 in Fighting
 13588 | Orc:2    | Reached XP level 15. HP: 108/112 MP: 0/0
 13588 | Orc:2    | Learned a level 6 spell: Conjure Ball Lightning
 13637 | Orc:2    | HP: 16/112 [ettin/+0 dire flail (33)]
 13739 | Orc:2    | Noticed an orc warlord
 13756 | Orc:2    | Reached skill level 12 in Spellcasting
 13794 | Orc:2    | Killed an orc warlord
 13860 | Orc:2    | Found Maucvople's Antique Weapon Shoppe.
 13875 | Orc:2    | Found Vodis's Antique Armour Shoppe.
 13891 | Orc:2    | Found Agugaig's Jewellery Shoppe.
 13923 | Orc:2    | Found Naboquc's General Store.
 13931 | Orc:2    | Bought a potion of haste for 130 gold pieces
 14034 | Orc:2    | Found a staircase to the Elven Halls.
 15012 | D:12     | Reached skill level 13 in Fighting
 15062 | D:12     | Found Ajuobu's Jewellery Shoppe.
 15087 | D:12     | Acquired a manual of Spellcasting
 15089 | D:12     | Acquired the +1 helmet of Boredom {Will+}
 15102 | D:12     | Acquired the ring "Donot" {rN+ EV+4}
 15179 | D:12     | Found Gaceypn's Magic Scroll Shop.
 15224 | D:12     | Bought a scroll of blinking for 90 gold pieces
 15224 | D:12     | Bought a scroll of teleportation for 36 gold pieces
 15224 | D:12     | Bought a scroll of teleportation for 36 gold pieces
 15236 | D:12     | Found a transporter.
 15249 | D:12     | Found a transporter.
 15252 | D:12     | Noticed DEFE's ghost (journeyman KoFi)
 15369 | D:12     | Reached skill level 13 in Spellcasting
 15777 | D:13     | Reached ****** piety under the Shining One
 15945 | D:13     | Reached skill level 14 in Spellcasting
 16140 | D:13     | Found a gate to the Vaults.
 16610 | D:14     | Reached skill level 15 in Spellcasting
 16613 | D:14     | Reached XP level 16. HP: 114/121 MP: 0/0
 16680 | D:14     | Found a glowing golden altar of the Shining One.
 16681 | D:14     | Found a glowing silver altar of Zin.
 16682 | D:14     | Found a white marble altar of Elyvilon.
 17035 | D:14     | Found a bloodstained altar of Trog.
 17133 | D:15     | Entered Level 15 of the Dungeon
 17167 | D:15     | Found a sparkling altar of Nemelex Xobeh.
 17916 | D:15     | Reached skill level 14 in Fighting
 17930 | D:15     | Found a staircase to the Depths.
 18146 | Lair:1   | magus.rc [v1.9.6]
 18189 | Snake:1  | Entered Level 1 of the Snake Pit
 18189 | Snake:1  | Noticed Donald
 18206 | Lair:2   | HP: 24/123 [naga/+0 war axe (12)]
 18383 | Lair:2   | Killed Donald
 18434 | Snake:1  | Reached skill level 1 in Armour
 18459 | Snake:1  | Reached skill level 2 in Armour
 18607 | Snake:1  | Reached skill level 3 in Armour
 18739 | Snake:1  | Found Liutac's Jewellery Boutique.
 18741 | Snake:1  | Found Qeack's Book Shoppe.
 18742 | Snake:1  | Found Hyke's Jewellery Boutique.
 18752 | Snake:1  | Bought the ring "Tatuics" {Ice rPois Str-2 Int+8 Stlth+}
                  | for 670 gold pieces
 18767 | Snake:1  | Bought a manual of Dodging for 880 gold pieces
 18782 | Snake:1  | Found a runed translucent gate.
 18782 | Snake:1  | Found a runed translucent gate.
 18782 | Snake:1  | Found a runed translucent gate.
 18783 | Snake:1  | Noticed Dipij's ghost (adept DEFE)
 18793 | Snake:1  | magus.rc [v1.9.6]
 18824 | Snake:1  | Reached skill level 4 in Armour
 18854 | Snake:1  | Reached skill level 1 in Invocations
 19050 | Snake:1  | Reached skill level 2 in Invocations
 19108 | Snake:1  | Reached skill level 3 in Invocations
 19110 | Snake:1  | HP: 30/123 [naga/+0 glaive (21)]
 19196 | Snake:1  | Reached skill level 4 in Invocations
 19223 | Snake:1  | Reached skill level 5 in Invocations
 19559 | Snake:2  | Reached skill level 6 in Invocations
 19682 | Snake:2  | Reached skill level 7 in Invocations
 19719 | Snake:2  | Reached XP level 17. HP: 126/129 MP: 0/0
 19719 | Snake:2  | Learned a level 7 spell: Dragon Form
 19827 | Snake:2  | Reached skill level 1 in Unarmed Combat
 19875 | Snake:2  | Reached skill level 2 in Unarmed Combat
 20272 | Snake:3  | Reached skill level 3 in Unarmed Combat
 20277 | Snake:3  | Reached skill level 4 in Unarmed Combat
 20364 | Snake:3  | Noticed Vashnia
 20389 | Snake:3  | Killed Vashnia
 20390 | Snake:3  | Reached skill level 5 in Unarmed Combat
 20457 | Snake:3  | Reached skill level 6 in Unarmed Combat
 20675 | Snake:3  | Reached skill level 7 in Unarmed Combat
 20698 | Snake:3  | Found Asigg's Jewellery Shop.
 20701 | Snake:3  | Found Xeevaz's Assorted Antiques.
 20701 | Snake:3  | Found Seloreis's Book Shop.
 20705 | Snake:3  | Found Behoch's Distillery.
 20817 | Snake:3  | Noticed Aizul
 20825 | Snake:3  | Killed Aizul
 21051 | Snake:3  | Reached skill level 8 in Unarmed Combat
 21082 | Snake:3  | Found Araf's Distillery.
 21082 | Snake:3  | Found Dazedd's General Store.
 21157 | Snake:3  | Found Uckegiwn's Armour Boutique.
 21191 | Snake:3  | Found Puesygau's Assorted Antiques.
 21226 | Snake:3  | Noticed Mlioglotl
 21237 | Snake:3  | Killed Mlioglotl
 21381 | Snake:3  | Reached skill level 9 in Unarmed Combat
 21666 | Snake:4  | Entered Level 4 of the Snake Pit
 21885 | Snake:4  | Reached skill level 10 in Unarmed Combat
 21939 | Snake:4  | Reached skill level 11 in Unarmed Combat
 21956 | Snake:4  | Reached XP level 18. HP: 92/135 MP: 0/0
 22338 | Snake:4  | Noticed Kirke
 22344 | Snake:4  | Killed Kirke
 22345 | Snake:4  | Reached skill level 12 in Unarmed Combat
 22437 | Snake:4  | Found Tigirabi's Neck Hole.
 22438 | Snake:4  | Noticed Roxanne
 22768 | Snake:4  | Reached skill level 13 in Unarmed Combat
 22864 | Snake:4  | Got a serpentine rune of Zot
 22887 | Snake:4  | Identified the +10 mace "Yce Raello" {flame, rC+}
 23187 | Shoals:1 | Entered Level 1 of the Shoals
 23263 | Shoals:1 | Noticed Uppo's ghost (adept TrFi)
 23275 | Shoals:1 | Found a runed translucent gate.
 23275 | Shoals:1 | Found a runed translucent gate.
 23278 | Shoals:1 | Found a runed translucent gate.
 23847 | Shoals:2 | Reached skill level 14 in Unarmed Combat
 24019 | Shoals:2 | HP: 37/202 [satyr/arrow (16)]
 24806 | Shoals:2 | Identified the +1 leather armour "Nulaef" {Dex+3}
 24816 | Shoals:2 | Reached skill level 15 in Unarmed Combat
 24934 | Shoals:3 | Noticed Jorgrun
 24934 | Shoals:3 | Noticed Polyphemus
 24940 | Shoals:3 | HP: 37/202 [Polyphemus/large rock (33)]
 24940 | Shoals:3 | The Shining One protects you from harm!
 25145 | Shoals:3 | Killed Jorgrun
 25271 | Shoals:3 | Reached XP level 19. HP: 95/140 MP: 0/0
 25271 | Shoals:3 | Learned a level 7 spell: Storm Form
 25313 | Shoals:3 | Found a frozen archway.
 25327 | IceCv    | Entered an ice cave
 25335 | IceCv    | HP: 38/210 [spriggan defender simulacrum (23)]
 25878 | IceCv    | Reached skill level 16 in Unarmed Combat
 25882 | IceCv    | Identified the +8 ice dragon scales of Filth {*Corrode Fly
                  | rF- rC++ Regen+ Int-5}
 25987 | IceCv    | HP: 22/210 [reaper/+2 scythe of freezing (34)]
 26237 | Shoals:3 | HP: 22/140 [satyr/arrow (27)]
 26837 | Shoals:3 | magus.rc [v1.9.6]
 26869 | Shoals:4 | Entered Level 4 of the Shoals
 26967 | Shoals:4 | magus.rc [v1.9.6]
 27151 | Shoals:4 | Reached skill level 15 in Fighting
 27220 | Shoals:4 | Reached skill level 16 in Spellcasting
 27249 | Shoals:4 | Got a barnacled rune of Zot
 27494 | Shoals:4 | Identified the +4 glaive of Paper {vorpal, +Blink Str-2
                  | Int+5}
 27711 | Shoals:4 | Identified the ring "Lune Joa" {Drain rCorr MP+9 Str+4
                  | Dex+6}
 27929 | D:10     | magus.rc [v1.9.6]
 28279 | Vaults:1 | Entered Level 1 of the Vaults
 28307 | Vaults:1 | magus.rc [v1.9.6]
 28308 | Vaults:1 | magus.rc [v1.9.6]
 28508 | Vaults:1 | Reached skill level 8 in Invocations
 28644 | Vaults:1 | Reached XP level 20. HP: 56/150 MP: 0/0
 28645 | Vaults:1 | Reached skill level 9 in Invocations
 28845 | Vaults:1 | Reached skill level 10 in Invocations
 29143 | Vaults:1 | Reached skill level 12 in Dodging
 29670 | Vaults:2 | Reached skill level 13 in Dodging
 29698 | Vaults:2 | Reached skill level 14 in Dodging
 29846 | Vaults:2 | Reached skill level 15 in Dodging
 30284 | Vaults:2 | Reached skill level 16 in Dodging
 30841 | Vaults:2 | Reached skill level 17 in Dodging
 31079 | Vaults:3 | Reached skill level 18 in Dodging
 31362 | Vaults:3 | Found a runed translucent gate.
 31362 | Vaults:3 | Found a runed translucent gate.
 31362 | Vaults:3 | Identified the +2 chain mail "Neixky" {rElec rPois Str-3
                  | Dex+9}
 31362 | Vaults:3 | Identified the +3 kite shield of the Elven Halls {Regen+
                  | Str+3}
 31367 | Vaults:3 | Found a runed translucent gate.
 31372 | Vaults:3 | Noticed PanSaczeczos's ghost (veteran KoMo)
 31373 | Vaults:3 | Identified the +8 sling "Lorem Ipsum" {flame, rElec Will-
                  | Str+4 Dex+2}
 31572 | Vaults:3 | Reached XP level 21. HP: 145/156 MP: 0/0
 31572 | Vaults:3 | Learned a level 8 spell: Borgnjor's Revivification
 31588 | Vaults:3 | Killed PanSaczeczos's ghost
 31592 | Vaults:3 | Reached skill level 19 in Dodging
 31617 | Vaults:3 | Identified the +1 robe of the Game Afoot {rElec Int+2 Dex-2
                  | SInv Stlth+}
 31785 | Vaults:3 | Found a staircase to the Crypt.
 31785 | Vaults:3 | Found a basalt altar of Yredelemnul.
 31822 | Vaults:3 | Noticed Xtahua
 31831 | Vaults:3 | Killed Xtahua
 32046 | Vaults:3 | Reached skill level 20 in Dodging
 32205 | Vaults:3 | Got the Textbook on Virulent Variation
 32835 | Vaults:3 | Identified the +2 arbalest "ETAOIN SHRDLU" {antimagic,
                  | rElec rC- rN+ Will+}
 32957 | Vaults:4 | Found a runed translucent door.
 33104 | Vaults:4 | Reached skill level 16 in Fighting
 33208 | Vaults:4 | Found Jicriov's Book Shoppe.
 34054 | Vaults:4 | Identified the +0 robe of Uraple {rElec Will+++ SInv
                  | Stlth-}
 34076 | Vaults:4 | Noticed Slobodan's ghost (adept DgEE)
 34108 | Vaults:4 | Killed Slobodan's ghost
 34109 | Vaults:4 | Reached XP level 22. HP: 87/166 MP: 0/0
 34183 | Vaults:4 | Got the Handbook of Elsewhere
 34476 | Elf:1    | Entered Level 1 of the Elven Halls
 34554 | Elf:1    | Found a crumbling gateway.
 34561 | Desolati | Entered the Desolation of Salt
 34601 | Desolati | Reached skill level 17 in Spellcasting
 34617 | Desolati | Reached skill level 17 in Fighting
 34857 | Desolati | Found the +2 Maxwell's thermic engine {flame, freeze}
 34862 | Desolati | Identified the amulet "Oxabriho" {rC++ Regen+ Dex+3}
 34875 | Desolati | Got the Folio of Amorphous Accomplices
 34894 | Desolati | Identified the +5 flail of Axkokyr {vorpal, rElec rC+
                  | Str-3}
 34897 | Desolati | Identified the +2 plate armour of Indecent Exposure {rN+}
 34991 | Desolati | Identified the +6 morningstar of Diet Blood {vorpal, Str+5
                  | Dex+5 Stlth-}
 35009 | Desolati | Identified the ring of Limanofu {Ice Stlth+}
 35020 | Desolati | Identified the +0 spear "Mezaa" {vorpal, Will- Int+4}
 35384 | Elf:1    | Got the Grimoire of Blasting
 35673 | Elf:1    | Found a large runed translucent door.
 35673 | Elf:1    | Found a large runed translucent door.
 35674 | Elf:1    | Noticed Kegiugao's ghost (adept MiBe)
 35791 | Elf:1    | Killed Kegiugao's ghost
 35816 | Elf:1    | Identified the +6 glaive of the Exiled Hosts {antimagic,
                  | rC+ rN+++}
 35823 | Elf:1    | Identified the +5 lajatang of Caustic Duty {venom, rC+
                  | rCorr}
 36039 | Elf:2    | Reached skill level 18 in Fighting
 36108 | Elf:2    | Found a runed translucent gate.
 36108 | Elf:2    | Found a runed translucent gate.
 36109 | Elf:2    | Found a runed translucent gate.
 36228 | Elf:2    | Found Wugomi's Weapon Shop.
 36332 | Elf:2    | Found a hide-covered altar of Uskayaw.
 36496 | Elf:2    | Found Veymatoh's General Store.
 36590 | Elf:3    | Entered Level 3 of the Elven Halls
 36624 | Elf:3    | Reached XP level 23. HP: 150/176 MP: 0/0
 36624 | Elf:3    | Learned a level 7 spell: Orb of Destruction
 36897 | Elf:3    | Reached skill level 18 in Spellcasting
 37147 | Elf:3    | Paralysed by an air elemental for 1 turns
 37149 | Elf:3    | Paralysed by an air elemental for 1 turns
 37705 | Elf:3    | Identified the +9 battleaxe of Causality {vorpal, Drain
                  | rCorr Dex+7}
 37730 | Elf:3    | Reached skill level 19 in Fighting
 37815 | Elf:3    | Identified the +10 dire flail of Cineko {chaos, rPois rF-
                  | Int+7}
 37815 | Elf:3    | Identified the amulet of Oqoosh {Reflect +Inv Str+4 Int+9
                  | SH+5}
 37847 | Elf:3    | a deep elf high priest comes into view. It is wielding a +0
                  | long sword and wearing the ring of the Mage {Wiz Archmagi}.
 38096 | Elf:3    | Identified the +1 shortbow of Ror Utej {drain, rElec rN++
                  | Dex-4}
 38112 | Elf:3    | Got Kaffenoss's Verses on the Dead {forbidden}
 38565 | Vaults:5 | Entered Level 5 of the Vaults
 38622 | Vaults:5 | Found Letweh's Jewellery Boutique.
 38697 | Vaults:5 | Identified the +2 great mace of the Sun {antimagic, Int+2
                  | Stlth+}
 38697 | Vaults:5 | Noticed Saint Roka
 38787 | Vaults:5 | Killed Saint Roka
 38791 | Vaults:5 | Reached skill level 20 in Fighting
 38801 | Vaults:5 | Reached XP level 24. HP: 159/187 MP: 0/0
 38830 | Vaults:5 | Reached skill level 19 in Spellcasting
 38841 | Vaults:5 | Noticed an ancient lich
 38849 | Vaults:5 | Killed an ancient lich
 39039 | Vaults:5 | Identified the +12 quarterstaff "Wuhonin" {vorpal, rF+
                  | Stlth+}
 39040 | Vaults:5 | Identified the +5 quarterstaff of the Candle {drain, rN+
                  | Int+3 Stlth-}
 39040 | Vaults:5 | Identified the ring "Saorag" {Int+5 SInv}
 39056 | Vaults:5 | Found the +2 hood of the Assassin {Detection Stab+ Stlth++}
 39077 | Vaults:5 | Identified the +2 scale mail of Tartarus {Rampage rPois
                  | rF++ Str-4}
 39110 | Vaults:5 | Identified the +2 chain mail "Uporomaho" {rF+}
 39236 | Vaults:5 | Identified the +4 leather armour of the King of the Hill
                  | {rCorr}
 39242 | Vaults:5 | Got a silver rune of Zot
 39410 | Vaults:5 | Got the Tome of Transmutation and Flames
 40182 | Depths:1 | Entered Level 1 of the Depths
 40274 | Depths:1 | Found a gateway to Hell.
 40293 | Depths:1 | Found a shimmering altar of Xom.
 40293 | Depths:1 | Found a shimmering altar of Xom.
 40295 | Depths:1 | Found a shimmering altar of Xom.
 40295 | Depths:1 | Found a shimmering altar of Xom.
 40305 | Depths:1 | Reached skill level 21 in Fighting
 40480 | Depths:1 | Found a transporter.
 41269 | Depths:2 | You are cast into the Abyss!
 41269 | Abyss:2  | Cast into level 2 of the Abyss (merfolk javelineer)
 41303 | Abyss:2  | Found a corrupted altar of Lugonu.
 41350 | Depths:2 | You pass through the gate.
 41350 | Depths:2 | Escaped the Abyss
 41489 | Depths:2 | Reached skill level 20 in Spellcasting
 41498 | Depths:2 | Noticed Asterion
 41505 | Depths:2 | Killed Asterion
 41518 | Depths:2 | Reached XP level 25. HP: 146/196 MP: 0/0
 41518 | Depths:2 | Learned a level 9 spell: Dragon's Call
 41631 | Depths:2 | Acquired 1182 gold pieces
 41748 | Depths:2 | M - a +0 quick blade of flaming {shortrare=g}
 41762 | Depths:2 | Identified the +0 robe of the Boiling Point {Stlth+}
 42021 | Depths:2 | the Enchantress comes into view. She is wielding a +0
                  | vampiric demon whip, wearing the +7 faerie dragon scales
                  | {rPois rCorr Dex+3} and wearing a +1 buckler of poison
                  | resistance.
 42021 | Depths:2 | Noticed the Enchantress
 42058 | Depths:2 | Killed the Enchantress
 42085 | Depths:2 | Found a one-way gate leading to the halls of Pandemonium.
 42157 | Depths:2 | Identified the +2 pair of boots of Somewhere Else {rPois
                  | Str+3 Dex+4}
 42193 | Depths:2 | Acquired 508 gold pieces
 42785 | Depths:2 | Found a corrupted altar of Lugonu.
 42848 | Depths:2 | Found a hide-covered altar of Uskayaw.
 42951 | Depths:2 | Identified the +0 helmet "Acimaptu" {rElec rCorr}
 43409 | Depths:3 | Identified the ring "Dyhux" {Ice rN++ Will+ Stlth-}
 43409 | Depths:3 | Noticed Josephina
 43414 | Depths:3 | Killed Josephina
 43571 | Depths:3 | Reached skill level 21 in Spellcasting
 43643 | Depths:3 | magus.rc [v1.9.6]
 43793 | Depths:3 | Found a one-way gateway to a ziggurat.
 43861 | Depths:3 | Identified +0 gold dragon scales
 43863 | Depths:3 | +0 gold dragon scales {rare}; a golden dragon corpse
 43921 | Depths:3 | g - +0 gold dragon scales {rare}
 44294 | Depths:3 | You drop +0 gold dragon scales {rare}.
 44307 | Depths:4 | Entered Level 4 of the Depths
 44389 | Depths:4 | +0 shadow dragon scales {rare}; a shadow dragon corpse
 44394 | Depths:4 | m - +0 shadow dragon scales {rare}
 44616 | Depths:4 | Noticed Frederick
 44626 | Depths:4 | Killed Frederick
 44627 | Depths:4 | Reached XP level 26. HP: 202/203 MP: 0/0
 44690 | Depths:4 | Reached skill level 22 in Spellcasting
 44768 | Depths:4 | Found a gate to the Realm of Zot.
 45294 | Crypt:1  | Entered Level 1 of the Crypt
 45319 | Crypt:1  | Noticed a curse skull
 45324 | Crypt:1  | Killed a curse skull
 45391 | Crypt:1  | Noticed Jory
 45397 | Crypt:1  | Noticed Vv
 45401 | Crypt:1  | Killed Jory
 45416 | Crypt:1  | Killed Vv
 45421 | Crypt:1  | You drop +0 shadow dragon scales {rare}.
 45491 | Crypt:1  | Found a large runed translucent door.
 45492 | Crypt:1  | Found a large runed translucent door.
 45492 | Crypt:1  | Noticed Xecaleth's ghost (adept GrFi)
 45515 | Crypt:1  | Noticed a curse skull
 45523 | Crypt:1  | Killed a curse skull
 45554 | Crypt:1  | Noticed Bai Suzhen
 45567 | Crypt:1  | Killed Bai Suzhen
 45663 | Crypt:1  | Noticed Mennas
 45679 | Crypt:1  | Killed Mennas
 45832 | Crypt:1  | a throwing net {=f!fthrowing}; +0 shadow dragon scales
                  | {rare}; +0 fire dragon scales
 45972 | Crypt:1  | Killed Xecaleth's ghost
 46199 | Crypt:2  | Acquired the +0 pair of gloves "Wigruof" {Int+4}
 46384 | Crypt:2  | Noticed a curse skull
 46392 | Crypt:2  | Killed a curse skull
 46415 | Crypt:2  | Reached skill level 23 in Spellcasting
 46542 | Crypt:2  | Noticed a curse skull
 46549 | Crypt:2  | Killed a curse skull
 46915 | Crypt:3  | Entered Level 3 of the Crypt
 46920 | Crypt:3  | Noticed Zenata
 46930 | Crypt:3  | Killed Zenata
 47005 | Crypt:3  | Found a basalt altar of Yredelemnul.
 47210 | Crypt:3  | Found a staircase to the Tomb.
 47679 | Crypt:3  | Noticed Margery
 47693 | Crypt:3  | Killed Margery
 47710 | Crypt:3  | Reached XP level 27. HP: 107/209 MP: 0/0
 47710 | Crypt:3  | Learned a level 9 spell: Death's Door
 48066 | Crypt:3  | Identified the ring "Wucir" {rPois rN+ Will+ Str-5}
 48143 | Crypt:3  | l - +1 shadow dragon scales {rare}
 48182 | Crypt:3  | You drop +1 shadow dragon scales {rare}.
 48381 | Crypt:3  | Reached skill level 21 in Dodging
 48435 | Crypt:3  | Identified the ring "Coassiwk" {rC+ rN+ Str+5}
 48466 | Crypt:3  | Identified the ring "Kibomiang" {rN+ Str+4 SInv}
 48466 | Crypt:3  | Identified the ring "Bygha" {rPois rN+ Dex+4}
 48920 | Zot:1    | Entered Level 1 of the Realm of Zot
 49006 | Zot:1    | magus.rc [v1.9.6]
 49060 | Zot:1    | m - +0 shadow dragon scales {rare}
 49131 | Zot:2    | +0 storm dragon scales {rare}; a storm dragon corpse
 49158 | Zot:2    | quicksilver dragon scales {rare}; a quicksilver dragon
                  | corpse
 49174 | Zot:2    | Noticed an orb of fire
 49195 | Zot:2    | +0 storm dragon scales {rare}; a storm dragon corpse
 49804 | Zot:2    | +0 storm dragon scales {rare}; a storm dragon skeleton
 49901 | Zot:4    | Identified +0 gold dragon scales
 50009 | Zot:5    | Entered Level 5 of the Realm of Zot
 50015 | Zot:5    | magus.rc [v1.9.6]
 50127 | Zot:5    | +0 shadow dragon scales {rare}; a shadow dragon corpse
 50138 | Zot:5    | y - +0 shadow dragon scales {rare}
 50226 | Zot:5    | Reached skill level 22 in Fighting
 50248 | Zot:5    | Noticed a dread lich
 50253 | Zot:5    | Noticed a Killer Klown
 50253 | Zot:5    | Noticed a dread lich
 50257 | Zot:5    | Reached skill level 24 in Spellcasting
 50259 | Zot:5    | Noticed an orb of fire
 50260 | Zot:5    | Killed a dread lich
 50260 | Zot:5    | Noticed an orb of fire
 50263 | Zot:5    | Killed a dread lich
 50264 | Zot:5    | Noticed an orb of fire
 50267 | Zot:5    | Noticed a Killer Klown
 50268 | Zot:5    | Noticed a Killer Klown
 50273 | Zot:5    | Noticed a Killer Klown
 50274 | Zot:5    | Killed an orb of fire
 50275 | Zot:5    | Noticed a Killer Klown
 50275 | Zot:5    | Noticed a Killer Klown
 50276 | Zot:5    | Gained mutation: You are frail. (-10% HP) [an orb of fire]
 50278 | Zot:5    | Killed an orb of fire
 50284 | Zot:5    | Killed a Killer Klown
 50289 | Zot:5    | Killed an orb of fire
 50290 | Zot:5    | Killed a Killer Klown
 50290 | Zot:5    | Killed a Killer Klown
 50291 | Zot:5    | Killed a Killer Klown
 50294 | Zot:5    | Killed a Killer Klown
 50307 | Zot:5    | Killed a Killer Klown
 50333 | Zot:5    | Noticed an electric golem
 50340 | Zot:5    | Killed an electric golem
 50352 | Zot:5    | Reached skill level 23 in Fighting
 50371 | Zot:5    | Noticed an electric golem
 50379 | Zot:5    | Killed an electric golem
 50381 | Zot:5    | Got the Orb of Zot
 50506 | Zot:2    | z - quicksilver dragon scales {rare}
 50525 | Zot:2    | J - +0 storm dragon scales {rare}
 50598 | Depths:3 | Noticed Woileaph the pandemonium lord
 50715 | D:15     | Lost mutation: You are frail. (-10% HP) [potion of
                  | mutation]
 50715 | D:15     | Gained mutation: You have very sharp teeth. [potion of
                  | mutation]
 50955 | D:$      | Escaped with the Orb!

Vanquished Creatures
  An ancient lich (Vaults:5)
  2 dread liches (Zot:5)
  3 orbs of fire (Zot:5)
  A Killer Klown (Zot:5)
  Josephina (Depths:3)
  Frederick (Depths:4)
  Vv (Crypt:1)
  Bai Suzhen (Crypt:1)
  Saint Roka (Vaults:5)
  Vashnia (Snake:3)
  Xtahua (Vaults:3)
  Jory (Crypt:1)
  5 golden dragons
  2 profane servitors (Crypt:3)
  The ghost of Slobodan the Fencer, an adept DgEE (Vaults:4)
  A Tzitzimitl (Zot:5)
  The ghost of PanSaczeczos the Markskobold, a veteran KoMo of Uskayaw (Vaults:3)
  2 Brimstone Fiends
  A bone dragon (Crypt:3)
  2 electric golems (Zot:5)
  Zenata (Crypt:3)
  2 titans (Vaults:5)
  3 liches
  The ghost of Xecaleth the Tortoise, an adept GrFi of Makhleb (Crypt:1)
  4 tentacled monstrosities
  Jorgrun (Shoals:3)
  15 Orb Guardians (Zot:5)
  An Ice Fiend (Zot:2)
  Asterion (Depths:2)
  2 deep elf blademasters (Elf:3)
  A walking frostbound tome (Depths:4)
  A walking divine tome (Depths:4)
  An ancient champion (Crypt:2)
  2 quicksilver dragons
  A deep elf master archer (Elf:3)
  2 death cobs (Zot:5)
  4 sphinxes
  A tentacled starspawn (Abyss:2)
  5 tengu reavers
  6 storm dragons
  4 shadow dragons
  8 fire giants
  2 nagarajas (Snake:4)
  A revenant (Crypt:1)
  12 vault wardens
  2 balrugs
  An imperial myrmidon (Desolation)
  2 juggernaut zombies (Crypt:3)
  Aizul (Snake:3)
  An iron dragon (Vaults:5)
  A cacodemon (D:15)
  10 deep elf sorcerers
  2 draconian shifters
  A ghost moth (Zot:5)
  4 curse skulls
  4 deep elf elementalists (Elf:3)
  3 orc warlords
  A quicksilver ooze (shapeshifter) (Vaults:1)
  7 ghouls
  4 reapers (IceCv)
  17 stone giants
  4 war gargoyles (Vaults:5)
  A draconian annihilator (Zot:1)
  16 ironbound preservers
  A draconian stormcaller (Depths:4)
  7 spriggan defenders
  4 ironbound thunderhulks
  6 very ugly things
  A green draconian (Depths:4)
  3 deep elf demonologists
  2 black draconians
  An eleionoma (shapeshifter) (Depths:3)
  4 vampire knights
  2 eleionomae (Depths:2)
  8 deep elf annihilators
  2 halazid warlocks (Desolation)
  2 white draconians (Zot:1)
  5 spark wasps
  A purple draconian (Depths:4)
  A spark wasp (shapeshifter) (Vaults:5)
  A red draconian (Zot:5)
  2 yellow draconians
  13 dire elephants
  6 deep elf death magi
  A crystal guardian (Desolation)
  8 eidola
  2 green deaths
  An acid blob zombie (Crypt:2)
  9 jiangshi
  5 merfolk impalers
  12 ettins
  A quicksilver dragon zombie (Crypt:3)
  9 yaktaur captains
  2 entropy weavers (Vaults:3)
  5 merfolk javelineers
  7 deep elf high priests
  5 ragged hierophants (Desolation)
  6 fire dragons
  2 spriggan zombies (Crypt:3)
  5 rakshasas
  6 merfolk avatars
  4 great orbs of eyes
  3 catoblepae
  3 salamander tyrants (Snake:4)
  9 hydras
  7 servants of whispers (Desolation)
  31 vault guards
  9 peacekeepers
  3 ogre magi
  A caustic shrike simulacrum (IceCv)
  7 ice dragons
  6 ironbound frosthearts
  4 spriggan air magi
  9 two-headed ogres
  11 centaur warriors
  7 anacondas
  5 merfolk aquamancers
  3 death knights
  5 satyrs
  4 boulder beetles
  26 dancing weapons
  4 deep troll shamans
  2 death yaks (Shoals:3)
  6 naga warriors
  3 tengu warriors
  5 deep troll earth magi
  4 vampire magi
  6 hell knights
  2 thrashing horrors (Lair:5)
  12 spriggan berserkers
  2 titan zombies (Crypt:3)
  11 naga sharpshooters
  4 orc high priests
  10 shock serpents
  11 deep elf knights
  A sun demon (Abyss:2)
  A shadow wraith (Crypt:2)
  4 iron trolls
  A death drake (shapeshifter) (Elf:2)
  5 salamander mystics
  15 sea snakes
  A sixfirhy (D:15)
  A storm dragon zombie (Crypt:1)
  A glowing orange brain (Vaults:3)
  34 skeletal warriors
  A quicksilver dragon simulacrum (Crypt:2)
  2 obsidian statues (IceCv)
  An orb spider (Abyss:2)
  An orange crystal statue (Zot:5)
  7 flayed ghosts
  44 deep trolls
  9 deep elf archers
  16 ironbound convokers
  9 naga ritualists
  4 spriggan simulacra
  2 bog bodies
  9 orc knights
  22 phantasmal warriors
  A wolf spider zombie (D:15)
  4 wizards
  23 deep elf pyromancers
  19 harpies
  A fenstrider witch simulacrum (Crypt:1)
  10 lindwurms
  An iron dragon zombie (Crypt:3)
  2 broodmother zombies
  6 necromancers
  5 mana vipers
  22 deep elf zephyrmancers
  17 manticores
  A worldbinder (Abyss:2)
  16 fauns
  7 moths of wrath
  2 stone giant zombies (Crypt:3)
  4 cyclopes
  17 salamanders
  3 orc sorcerers
  27 ugly things
  A shock serpent zombie (Crypt:1)
  2 dire elephant zombies (Crypt:3)
  2 centaur zombies
  7 guardian serpents
  A moth of wrath (shapeshifter) (Vaults:5)
  2 salamanders (shapeshifter)
  30 black mambas
  A water nymph (Shoals:4)
  A gargoyle (D:11)
  18 elephants
  A molten gargoyle (Desolation)
  17 vault sentinels
  6 naga magi
  5 smoke demons
  2 alligator snapping turtle zombies
  9 merfolk sirens
  An orange demon (D:15)
  An unseen horror (Abyss:2)
  A shock serpent skeleton (Crypt:2)
  A cane toad (shapeshifter) (Vaults:3)
  A rime drake (Lair:5)
  5 cane toads
  A dire elephant skeleton (Crypt:1)
  An efreet (D:15)
  3 komodo dragons
  3 kobold demonologists (D:13)
  20 yaktaurs
  An anaconda simulacrum (Crypt:1)
  A red devil (D:7)
  2 tengu conjurers
  A spark wasp simulacrum (Depths:3)
  8 freezing wraiths
  3 ancient zymes (Lair:5)
  4 golden dragon simulacra
  An ice devil (IceCv)
  17 merfolk
  A hellwing (D:15)
  A tyrant leech (shapeshifter) (Vaults:5)
  A merfolk (shapeshifter) (Vaults:5)
  3 trolls
  A hornet (shapeshifter) (D:15)
  2 tarantellas (Vaults:3)
  4 wind drakes
  A tengu simulacrum (Depths:3)
  8 hornets
  17 blink frogs
  11 snapping turtles
  46 saltlings (Desolation)
  2 harpy skeletons (Crypt:2)
  36 slime creatures
  A meliai zombie (D:15)
  4 dream sheep (Shoals:4)
  6 flying skulls
  2 great orb of eyes zombies (Crypt:1)
  3 air elementals (Elf:3)
  7 spriggans
  2 black mamba zombies
  3 shadows
  2 vampires (Abyss:2)
  14 yaks
  2 ushabtiu (Crypt:3)
  6 humans (D:13)
  15 water elementals
  3 large abominations
  3 wyverns
  A fire elemental (Elf:2)
  10 wraiths
  A ynoxinul (Lair:5)
  A neqoxec (Abyss:2)
  Eustachio (D:6)
  6 basilisks
  A human (shapeshifter) (D:15)
  4 hogs (Snake:4)
  A redback (Vaults:3)
  Edmund (D:5)
  2 chaos spawn (Lair:5)
  Menkaure (D:6)
  2 minotaur simulacra (IceCv)
  A deep troll zombie (Crypt:1)
  7 vampire mosquitoes
  25 nagas
  A naga zombie (Crypt:3)
  13 water moccasins
  An acid dragon (D:9)
  15 small abominations
  A demonspawn skeleton (Crypt:1)
  4 hydra simulacra (IceCv)
  3 wargs
  A meliai simulacrum (D:15)
  A faun skeleton (Crypt:1)
  A glowing shapeshifter zombie (Vaults:2)
  An ogre skeleton (Vaults:2)
  3 ice beasts
  21 orc warriors
  2 sky beasts
  A dream sheep zombie (Crypt:2)
  A snapping turtle zombie (Crypt:2)
  2 black bears
  2 ettin simulacra (IceCv)
  9 ogres
  A dream sheep skeleton (Crypt:1)
  7 boggarts
  6 wolves (Lair:3)
  4 centaurs
  A phantom (D:5)
  An elf simulacrum (Vaults:2)
  3 kobold brigands
  9 bullfrogs
  3 earth elementals
  15 necrophages
  2 gnoll sergeants
  9 scorpions
  6 wyvern skeletons (Crypt:3)
  Dowan (D:6)
  3 wights (D:8)
  3 killer bees (D:8)
  A troll skeleton (Crypt:2)
  3 howler monkeys
  A nameless horror (D:6)
  3 electric eels
  A hound (D:5)
  7 orc priests
  A jelly (D:8)
  2 iron imps (Abyss:2)
  A black bear skeleton (Crypt:2)
  4 iguanas
  Natasha (thrice) (D:4)
  19 orc wizards
  A mummy (Crypt:3)
  4 gnolls
  3 adders
  An ufetubus (D:4)
  2 worms
  3 dart slugs
  39 orcs
  11 ball pythons
  8 bats
  5 endoplasms
  A giant cockroach (D:1)
  5 hobgoblins
  3 quokkas
  3 frilled lizards
  8 goblins
  19 kobolds
  9 rats
  A rat zombie (Crypt:2)
  A spectral goblin (D:2)
  A lurking horror (Depths:2)
1754 creatures vanquished.

Vanquished Creatures (collateral kills)
  Mennas (Crypt:1)
  5 Killer Klowns (Zot:5)
  Margery (Crypt:3)
  the Enchantress (Depths:2)
  2 tentacled monstrosities (Zot:5)
  10 Orb Guardians (Zot:5)
  A titan (Vaults:5)
  The ghost of Kegiugao the Slayer, an adept MiBe of Trog (Elf:1)
  2 quicksilver dragons
  2 death cobs
  2 tengu reavers
  2 sphinxes (Vaults:5)
  A shadow dragon (Zot:1)
  Kirke (Snake:4)
  Donald (Lair:2)
  3 draconian monks
  A draconian scorcher (Zot:1)
  A ghost moth (Zot:5)
  A vault warden (Vaults:1)
  2 ironbound preservers
  A draconian shifter (Zot:1)
  A spriggan defender (Depths:2)
  A deep elf elementalist (Elf:3)
  A green draconian (Zot:1)
  A stone giant (Vaults:1)
  2 yellow draconians
  3 purple draconians (Zot:1)
  A white draconian (Zot:1)
  3 ettins
  A mummy priest (Crypt:3)
  A merfolk javelineer (Shoals:4)
  An entropy weaver (Vaults:3)
  A blizzard demon (Depths:3)
  4 eidola (Crypt:3)
  A great orb of eyes (Vaults:2)
  A merfolk impaler (Shoals:2)
  2 yaktaur captains (Vaults:3)
  Harold (D:9)
  An ice dragon (Depths:2)
  2 vault guards
  An anaconda (Snake:4)
  An ogre mage (Vaults:1)
  An ironbound frostheart (Vaults:1)
  2 two-headed ogres
  2 catoblepae
  A merfolk aquamancer (Shoals:4)
  3 dancing weapons (Elf:2)
  5 naga warriors
  An orc high priest (Vaults:3)
  A nameless horror (Crypt:3)
  A death yak (Lair:2)
  2 thrashing horrors (Lair:5)
  A spriggan berserker (Depths:3)
  3 naga sharpshooters (Snake:3)
  2 shock serpents
  Amaemon (Lair:1)
  A skeletal warrior (D:12)
  3 hell knights (Crypt:3)
  A sea snake (Snake:2)
  3 naga ritualists
  3 deep trolls
  3 wizards
  2 harpies (Shoals:4)
  A large abomination (Lair:5)
  5 mana vipers
  A necromancer (D:15)
  An ugly thing (D:12)
  3 orc knights
  2 deep elf pyromancers
  5 deep elf zephyrmancers
  An orc sorcerer (Orc:2)
  3 cyclopes
  4 fauns
  A moth of wrath (Zot:1)
  2 manticores
  9 elephants
  4 salamanders
  8 black mambas
  2 vault sentinels (Vaults:1)
  A water nymph (Shoals:4)
  2 guardian serpents
  4 naga magi
  A merfolk siren (Shoals:1)
  A gargoyle (D:11)
  A smoke demon (Lair:5)
  An orange demon (Lair:1)
  2 cane toads
  A rime drake (Lair:2)
  3 komodo dragons
  7 yaktaurs (Vaults:3)
  2 freezing wraiths
  A merfolk (Shoals:4)
  10 blink frogs
  5 hornets
  3 saltlings (Desolation)
  A snapping turtle (Shoals:4)
  3 slime creatures
  2 dream sheep (Shoals:4)
  A water elemental (Shoals:4)
  6 spriggans
  4 humans (D:13)
  A ynoxinul (Lair:5)
  7 yaks
  2 basilisks (Lair:5)
  A steam dragon (D:6)
  4 vampire mosquitoes (D:13)
  A small abomination (Lair:5)
  2 wargs (Orc:1)
  15 nagas
  A harpy simulacrum (IceCv)
  Duvessa (D:6)
  3 water moccasins
  A hornet zombie (D:15)
  An ice beast (D:7)
  15 orc warriors
  An ettin simulacrum (IceCv)
  2 ogres
  4 wolves (Lair:3)
  A centaur (D:13)
  2 bullfrogs (Lair:2)
  A kobold brigand (D:13)
  2 necrophages
  4 wights (D:6)
  2 wyvern skeletons (Crypt:3)
  3 electric eels
  3 orc priests
  A gnoll bouda (D:7)
  A jelly (Lair:5)
  Crazy Yiuf (D:3)
  5 orc wizards
  A boggart zombie (D:15)
  2 gnolls (D:7)
  A white imp (D:7)
  16 orcs
  2 kobolds (D:13)
  3 bushes (Lair:2)
342 creatures vanquished.

Vanquished Creatures (others)
  Mlioglotl (Snake:3)
  A yaktaur captain (Vaults:5)
  A phantasmal warrior (Crypt:3)
  A cane toad (Lair:1)
  A saltling (Desolation)
  A human (D:13)
  A wyvern skeleton (Crypt:3)
  An electric eel (D:15)
  13 ball lightnings
  29 fungi
  124 plants
  30 snaplasher vines
  36 withered plants (Crypt:3)
240 creatures vanquished.

Grand Total: 2336 creatures vanquished

Table legend:
 A = Non-vault XP
 B = Vault XP
 C = Vault XP percentage of total XP
 D = Non-vault monster count
 E = Vault monster count
 F = Vault count percentage of total count
                 A         B        C        D         E       F
            +---------+---------+-------+---------+---------+-------
      Total |  603492 |  638944 |  51.4 |    1200 |     883 |  42.4
            +---------+---------+-------+---------+---------+-------
        D:1 |      46 |       0 |   0.0 |      32 |       0 |   0.0
        D:2 |      37 |       1 |   2.6 |      13 |       1 |   7.1
        D:3 |      21 |      40 |  65.6 |      11 |       1 |   8.3
        D:4 |     136 |      35 |  20.5 |      13 |       1 |   7.1
        D:5 |     997 |     176 |  15.0 |      16 |       1 |   5.9
        D:6 |     821 |     767 |  48.3 |      10 |       6 |  37.5
        D:7 |    1357 |     645 |  32.2 |      25 |      11 |  30.6
        D:8 |     870 |       0 |   0.0 |      19 |       0 |   0.0
        D:9 |    3909 |    4538 |  53.7 |      20 |       8 |  28.6
       D:10 |    1459 |     990 |  40.4 |       9 |       4 |  30.8
       D:11 |    2914 |     652 |  18.3 |      16 |       2 |  11.1
       D:12 |    8462 |       0 |   0.0 |      18 |       0 |   0.0
       D:13 |    7939 |    2839 |  26.3 |      26 |      11 |  29.7
       D:14 |    9423 |       8 |   0.1 |      16 |       4 |  20.0
       D:15 |    5593 |    4119 |  42.4 |      15 |      10 |  40.0
     Lair:1 |    4502 |    1157 |  20.4 |      20 |       2 |   9.1
     Lair:2 |    2481 |    3191 |  56.3 |      11 |       4 |  26.7
     Lair:3 |    6401 |     500 |   7.2 |      29 |       2 |   6.5
     Lair:4 |    1972 |       0 |   0.0 |       8 |       0 |   0.0
     Lair:5 |   19590 |   13493 |  40.8 |      53 |      47 |  47.0
   Shoals:1 |   12066 |       0 |   0.0 |      26 |       0 |   0.0
   Shoals:2 |   15545 |       0 |   0.0 |      31 |       0 |   0.0
   Shoals:3 |    9546 |    4218 |  30.6 |      17 |       4 |  19.0
   Shoals:4 |   21999 |   17535 |  44.4 |      43 |      30 |  41.1
    Snake:1 |   20317 |       0 |   0.0 |      38 |       0 |   0.0
    Snake:2 |   10510 |    2440 |  18.8 |      19 |       6 |  24.0
    Snake:3 |   23241 |   11059 |  32.2 |      46 |      12 |  20.7
    Snake:4 |   12324 |   25325 |  67.3 |      24 |      46 |  65.7
      Orc:1 |    3240 |       0 |   0.0 |      36 |       0 |   0.0
      Orc:2 |    5121 |    7306 |  58.8 |      30 |      35 |  53.8
      Elf:1 |    3616 |    9483 |  72.4 |       5 |      13 |  72.2
      Elf:2 |   30176 |    9011 |  23.0 |      50 |      11 |  18.0
      Elf:3 |   19579 |   36055 |  64.8 |      32 |      32 |  50.0
   Vaults:1 |   16256 |   19973 |  55.1 |      30 |      30 |  50.0
   Vaults:2 |   21675 |   18953 |  46.7 |      33 |      25 |  43.1
   Vaults:3 |   28818 |   34501 |  54.5 |      43 |      50 |  53.8
   Vaults:4 |   23756 |   14198 |  37.4 |      31 |      18 |  36.7
   Vaults:5 |   24582 |   85487 |  77.7 |      31 |      88 |  73.9
    Crypt:1 |   19793 |   23685 |  54.5 |      29 |      19 |  39.6
    Crypt:2 |   35649 |       0 |   0.0 |      53 |       0 |   0.0
    Crypt:3 |       0 |   69647 | 100.0 |       0 |     106 | 100.0
   Depths:1 |   18051 |       0 |   0.0 |      20 |       0 |   0.0
   Depths:2 |   23696 |   34009 |  58.9 |      30 |      43 |  58.9
   Depths:3 |   40784 |   13144 |  24.4 |      51 |      14 |  21.5
   Depths:4 |   15693 |   20145 |  56.2 |      19 |      15 |  44.1
      Zot:1 |   22522 |       0 |   0.0 |      19 |       0 |   0.0
      Zot:2 |    6869 |       0 |   0.0 |       5 |       0 |   0.0
      Zot:3 |    7943 |       0 |   0.0 |       5 |       0 |   0.0
      Zot:4 |    2864 |       0 |   0.0 |       2 |       0 |   0.0
      Zot:5 |   28132 |   88497 |  75.9 |      21 |      40 |  65.6
    Abyss:2 |     199 |    7870 |  97.5 |       1 |      19 |  95.0
      IceCv |       0 |   12750 | 100.0 |       0 |      28 | 100.0
 Desolation |       0 |   40502 | 100.0 |       0 |      84 | 100.0
            +---------+---------+-------+---------+---------+-------

Illustrated notes

Table legend:
 A = Kills in this place as a percentage of kills in entire the game.
 B = Kills by you in this place as a percentage of kills by you in the entire game.
 C = Kills by friends in this place as a percentage of kills by friends in the entire game.
 D = Other kills in this place as a percentage of other kills in the entire game.
 E = Experience gained in this place as a percentage of experience gained in the entire game.
 F = Experience gained in this place divided by the number of levels of this place that you have seen.
                   A       B       C       D       E      F
               +-------+-------+-------+-------+-------+----------------------
         Total | 100.0 | 100.0 | 100.0 | 100.0 | 100.0 | 23251.1
       Dungeon |  15.7 |  15.6 |  15.7 |  20.0 |   5.3 | 4400.9
          Lair |   8.4 |   6.5 |  18.0 |  20.0 |   4.2 | 10657.4
        Shoals |   7.2 |   7.6 |   5.0 |   0.0 |   6.4 | 20227.2
     Snake Pit |   9.1 |   7.9 |  15.1 |  20.0 |   8.4 | 26304.0
  Orcish Mines |   4.8 |   3.8 |  10.4 |   0.0 |   1.2 | 7833.5
   Elven Halls |   6.8 |   7.6 |   3.0 |   0.0 |   8.6 | 35973.3
        Vaults |  18.1 |  19.3 |  11.5 |  20.0 |  23.0 | 57639.8
         Crypt |   9.9 |  11.1 |   3.6 |   0.0 |  11.8 | 49591.3
        Depths |   9.2 |  10.0 |   5.3 |   0.0 |  13.3 | 41900.2
           Zot |   4.5 |   3.3 |  10.7 |   0.0 |  12.8 | 32130.6
         Abyss |   1.0 |   1.1 |   0.0 |   0.0 |   0.6 | 8069.0
      Ice Cave |   1.3 |   1.4 |   0.9 |   0.0 |   1.0 | 12750.0
    Desolation |   4.0 |   4.6 |   0.9 |  20.0 |   3.2 | 40502.0
               +-------+-------+-------+-------+-------+----------------------

Table legend: (Time is in decaauts)
 A = Elapsed time spent in this place.
 B = Non-inter-level travel time spent in this place.
 C = Inter-level travel time spent in this place.
 D = Time resting spent in this place.
 E = Time spent auto-exploring this place.
 F = Levels seen in this place.
 G = Mean time per level.
                   A        B        C        D        E       F      G
               +--------+--------+--------+--------+--------+-----+--------+
         Total |  49829 |  44376 |   5453 |   5613 |  27449 |  54 |  922.8 |
       Dungeon |  14404 |  11935 |   2469 |    908 |   8721 |  15 |  960.3 |
        Temple |     73 |     73 |      0 |      0 |     50 |   1 |   73.0 |
          Lair |   4627 |   4149 |    478 |    237 |   2937 |   5 |  925.4 |
        Shoals |   3701 |   3515 |    186 |    736 |   1907 |   4 |  925.2 |
     Snake Pit |   4638 |   4481 |    157 |    671 |   2690 |   4 | 1159.5 |
  Orcish Mines |   1408 |   1245 |    163 |     42 |    787 |   2 |  704.0 |
   Elven Halls |   3072 |   2899 |    173 |    360 |   1648 |   3 | 1024.0 |
        Vaults |   7627 |   6822 |    805 |   1157 |   3835 |   5 | 1525.4 |
         Crypt |   3161 |   2973 |    188 |    459 |   1725 |   3 | 1053.7 |
        Depths |   4547 |   3972 |    575 |    462 |   2686 |   4 | 1136.8 |
           Zot |   1037 |    784 |    253 |     84 |    166 |   5 |  207.4 |
         Abyss |     70 |     70 |      0 |      0 |      0 |   1 |   70.0 |
      Ice Cave |    892 |    892 |      0 |    492 |    135 |   1 |  892.0 |
    Desolation |    565 |    565 |      0 |      4 |    162 |   1 |  565.0 |
               +--------+--------+--------+--------+--------+-----+--------+

Top non-repeatable levels by time:
Vaults:3: 1884 daAuts
Depths:2: 1590 daAuts
 Crypt:3: 1582 daAuts
   Elf:3: 1570 daAuts
Vaults:1: 1560 daAuts
Vaults:2: 1502 daAuts
 Snake:3: 1425 daAuts
    D:15: 1418 daAuts
Vaults:4: 1406 daAuts
    D:10: 1378 daAuts
 Snake:4: 1367 daAuts
Vaults:5: 1272 daAuts
Shoals:2: 1247 daAuts
  Lair:5: 1225 daAuts
     D:9: 1164 daAuts
